 Dungeon Crawl Stone Soup version 0.25.0-9-g26727b657a (webtiles) character file.

Game seed: 3844117941373961542

141421 Hastur the Severer (level 17, 0/140 HPs)
             Began as a Formicid Conjurer on June 21, 2020.
             Was the Champion of Makhleb.
             Slain by a six-headed hydra (14 damage)
             ... called by a spriggan druid
             ... on level 4 of the Swamp.
             The game lasted 02:08:35 (42868 turns).

Hastur the Severer (Formicid Conjurer)             Turns: 42868, Time: 02:08:37

Health: 0/140      AC: 30    Str: 23    XL:     17   Next: 94%
Magic:  0/27       EV:  9    Int: 18    God:    Makhleb [******]
Gold:   3863       SH: 12    Dex: 11    Spells: 18/20 levels left

rFire    + . .     SeeInvis +   V - +2 battleaxe (flame)
rCold    + . .     Gourm    .   H - +0 kite shield
rNeg     . . .     Faith    .   T - +1 crystal plate armour {rC+}
rPois    .         Spirit   +   (helmet unavailable)
rElec    .         Reflect  .   B - +2 cloak {rF+}
rCorr    .         Harm     .   G - +1 pair of gloves
MR       +....                  W - +2 pair of boots {Fly}
Stlth    ..........             F - amulet of guardian spirit
HPRegen  0.33/turn              i - +6 ring of strength
MPRegen  0.20/turn              k - +4 ring of evasion

@: flying
A: permanent stasis, dig shafts and tunnels, four strong arms, antennae 3
a: Dig, Shaft Self, Minor Destruction, Lesser Servant of Makhleb, Major
Destruction, Greater Servant of Makhleb, Renounce Religion, Stop Flying


You were on level 4 of the Swamp.
You worshipped Makhleb.
Makhleb was exalted by your worship.
You were hungry.

You visited 5 branches of the dungeon, and saw 28 of its levels.
You also visited: Bailey, Ice Cave and Volcano.

You collected 4514 gold pieces.
You spent 651 gold pieces at shops.

Inventory:

Hand Weapons
 b - the +2 spear "Baqic" {elec, +Inv MR+}
   (You found it on level 6 of the Dungeon)

   Occasionally, upon striking a foe, it will discharge some electrical energy
   and cause terrible harm.
   It affects your resistance to hostile enchantments.
   It lets you turn invisible.
 D - a +0 executioner's axe of freezing
 V - a +2 battleaxe of flaming (weapon)
Missiles
 e - 27 boomerangs
 y - 24 curare-tipped darts (quivered)
 A - 6 throwing nets
 K - 82 poisoned darts
Armour
 B - a +2 cloak of fire resistance (worn)
 G - a +1 pair of gloves (worn)
 H - a +0 kite shield (worn)
 Q - a +0 tower shield
 R - the +0 cloak of Noughts and Crosses {rElec}
   (You found it on level 3 of the Swamp)

   It insulates you from electricity.
 T - a +1 crystal plate armour of cold resistance (worn)
 W - a +2 pair of boots of flying (worn)
Jewellery
 g - an uncursed ring of protection from magic
 i - a +6 ring of strength (left hand)
 k - a +4 ring of evasion (right hand)
 n - the ring of Zathyst {rCorr Int+2 Dex+7}
   (You found it on level 3 of the Swamp)

   [ring of resist corrosion]

   It affects your intelligence (+2).
   It affects your dexterity (+7).
   It provides partial protection from all sources of acid and corrosion.
 u - an uncursed ring of protection from fire
 F - an amulet of guardian spirit (around neck)
 I - an uncursed ring of see invisible {unknown}
Wands
 j - a wand of paralysis (3)
 v - a wand of disintegration (15)
 Y - a wand of clouds (7)
Scrolls
 o - 4 scrolls of amnesia
 q - 4 scrolls of fog
 r - 3 scrolls of magic mapping
 s - 18 scrolls of remove curse
 x - 8 scrolls of enchant armour
 z - 3 scrolls of immolation
 E - 5 scrolls of enchant weapon
 M - a scroll of holy word
 O - 3 scrolls of noise
 S - 3 scrolls of fear
 Z - 2 scrolls of identify
Potions
 d - 2 potions of resistance
 f - a potion of brilliance
 m - 3 potions of magic
 p - 2 potions of mutation
 t - 3 potions of stabbing
 w - 4 potions of might
 C - 6 potions of lignification
 J - 3 potions of curing
 L - 6 potions of flight
 N - a potion of cancellation
 X - a potion of ambrosia
Miscellaneous
 a - a phial of floods
 h - a tin of tremorstones (3/3)
 P - a phantom mirror
Comestibles
 c - 30 rations
 U - 5 chunks of flesh


   Skills:
 + Level 14.7 Fighting
 + Level 18.0 Axes
 - Level 10.0 Armour
 - Level 1.7 Dodging
 - Level 2.4 Stealth
 + Level 11.3 Shields
 - Level 2.1 Spellcasting
 - Level 3.6 Conjurations
 - Level 4.0 Necromancy
 + Level 13.6 Invocations
 - Level 10.0 Evocations


You had 18 spell levels left.
You knew the following spells:

 Your Spells              Type           Power        Failure   Level  Hunger
a - Magic Dart            Conj           ##..         94%         1    #......
b - Animate Skeleton      Necr           N/A          91%         1    #......

Your spell library contained the following spells:

 Spells                   Type           Power        Failure   Level  Hunger
 Pain                     Necr           ###.         91%         1    #......
 Searing Ray              Conj           ##....       98%         2    ###....
 Vampiric Draining        Necr           ###.......   99%         3    ###....
 Apportation              Tloc           #.....       100%        1    #......
 Beastly Appendage        Tmut           #.....       100%        1    #......
 Corona                   Hex            #......      100%        1    #......
 Summon Small Mammal      Summ           #...         100%        1    #......
 Passwall                 Tmut/Erth      #.......     100%        2    ###....
 Slow                     Hex            #.......     100%        2    ###....
 Sticks to Snakes         Tmut           #.......     100%        2    ###....
 Dazzling Flash           Conj/Hex       #.....       100%        3    ###....
 Inner Flame              Hex/Fire       #.......     100%        3    ###....
 Portal Projectile        Hex/Tloc       #.....       100%        3    ###....
 Recall                   Summ/Tloc      N/A          100%        3    ###....
 Spider Form              Tmut/Pois      #.........   100%        3    ###....
 Static Discharge         Conj/Air       #.......     100%        3    ###....
 Animate Dead             Necr           N/A          100%        4    #####..
 Cause Fear               Hex            #.........   100%        4    #####..
 Fulminant Prism          Conj/Hex       #.........   100%        4    #####..
 Iskenderun's Mystic Bla  Conj/Tloc      #.......     100%        4    #####..
 Leda's Liquefaction      Hex/Erth       #.........   100%        4    #####..
 Passage of Golubria      Tloc           N/A          100%        4    #####..
 Petrify                  Tmut/Erth      #.......     100%        4    #####..
 Sticky Flame             Conj/Fire      #.......     100%        4    #####..
 Agony                    Necr           ###.....     100%        5    ######.
 Bolt of Magma            Conj/Fire/Erth #.........   100%        5    ######.
 Borgnjor's Vile Clutch   Necr/Erth      #.........   100%        5    ######.
 Iskenderun's Battlesphe  Conj/Chrm      #.......     100%        5    ######.
 Lee's Rapid Deconstruct  Erth           #.........   100%        5    ######.
 Lightning Bolt           Conj/Air       #.........   100%        5    ######.
 Yara's Violent Unravell  Hex/Tmut       #.........   100%        5    ######.
 Darkness                 Hex            #.........   100%        6    #######
 Death Channel            Necr           ###.......   100%        6    #######
 Invisibility             Hex            #.......     100%        6    #######
 Simulacrum               Ice/Necr       #.........   100%        6    #######
 Ignition                 Fire           #.........   100%        8    #######
 Shatter                  Erth           #.........   100%        9    #######
 Tornado                  Air            #.........   100%        9    #######
 Swiftness                Chrm/Air       Unusable     N/A         2    N/A

Dungeon Overview and Level Annotations

Branches:
Dungeon (15/15)            Temple (1/1) D:7            Lair (6/6) D:10
  Swamp (4/4) Lair:4       Spider (0/4) Lair:4        Slime (0/5) Lair:6
    Orc (2/2) D:11            Elf (0/3) Orc:2        Vaults (0/5) D:14
 Depths (0/5) D:15         Bailey (visited)           IceCv (visited)
Volcano (visited)

Altars:
Ashenzari
Cheibriados
Dithmenos
Elyvilon
Fedhas
Gozag
Hepliaklqana
Kikubaaqudgha
Makhleb
Nemelex Xobeh
Okawaru
Qazlal
Ru
Sif Muna
Trog
Uskayaw
Vehumet
Wu Jian
Xom
Yredelemnul
Zin
The Shining One
Beogh

Shops:
D:7 [   D:10 }   D:11 ?   Orc:2 %*=(

Portals:
Hell: Lair:6
Trove: D:13 (give horn of Geryon)

Annotations:
D:7 3 runed translucent doors, MordorOrchid's ghost, novice OpIE
Lair:6 3 runed translucent doors, Fafes's ghost, journeyman DrFE


Innate Abilities, Weirdness & Mutations

You cannot be hasted, slowed, berserked, paralysed or teleported.
You can dig through walls and to a lower floor.
Your four strong arms can wield two-handed weapons with a shield.
You have a pair of large antennae on your head. (SInv)


Message History

The six-headed hydra bites you.
* * * LOW HITPOINT WARNING * * *
The six-headed hydra bites you but does no damage.
Your neqoxec gestures.
You feel much better.
The insubstantial wisp hits you but does no damage.
You block the six-headed hydra's attack. x2
The six-headed hydra bites you!
* * * LOW HITPOINT WARNING * * *
You block the six-headed hydra's attack.
The six-headed hydra bites you!
* * * LOW HITPOINT WARNING * * *
The six-headed hydra bites you but does no damage.
You feel much better.
The insubstantial wisp blinks!
You block the six-headed hydra's attack.
The six-headed hydra bites you but does no damage.
The six-headed hydra bites you!
* * * LOW HITPOINT WARNING * * *
The six-headed hydra bites you!
You die...

♣♣♣♣♣♣....≈≈≈≈≈≈≈...≈≈≈≈...≈.♣♣♣♣
≈♣♣≈≈≈≈≈≈≈≈≈≈.≈≈≈≈≈.≈≈≈≈≈§≈≈.♣♣≈♣
..≈♣≈.≈≈≈≈≈≈≈≈.≈≈≈≈≈§.≈≈≈≈≈≈.♣♣≈^
<.§≈≈≈≈≈≈≈≈≈≈≈..v≈≈≈≈.≈≈≈≈≈≈.≈≈≈.
.♣......≈≈..≈≈.♣§≈.≈≈.♣♣♣♣≈≈≈≈≈..
♣♣♣♣♣.≈≈..≈♣≈535≈≈≈≈°≈♣ ♣≈≈≈.≈≈≈≈
♣≈.≈≈≈..≈≈.§≈§≈○≈○♣♣♣ ♣≈≈≈≈≈≈≈≈
.≈..≈≈≈≈≈≈.≈≈.≈§○§°○♣♣♣♣♣.≈≈...≈≈
≈.≈≈...≈≈≈♣♣♣≈≈≈@D°○D♣≈≈..≈≈..≈♣≈
≈§≈≈.≈≈≈≈..≈♣.≈≈.°♣♣♣.≈°≈.≈≈≈≈..♣
≈≈≈≈.≈≈≈≈≈≈≈.§≈).≈°♣♣♣§≈D≈≈≈≈≈≈≈≈
≈♣♣♣♣.≈§≈≈≈≈..≈.....♣♣♣.≈≈≈≈≈≈≈≈≈
. ♣≈..≈≈≈≈†§≈♣♣♣♣♣♣ ♣♣♣.≈≈≈..≈.
.≈ ♣♣≈≈≈≈D≈≈≈.♣♣ ♣♣♣♣♣♣≈≈.
≈≈.♣♣♣≈≈≈≈≈≈≈≈.♣♣ ♣♣.≈.
≈≈.≈≈§≈≈≈≈≈≈≈≈≈.♣♣♣ ♣♣♣♣♣♣♣.≈<≈
≈≈..≈≈≈≈.♣≈.§≈≈.≈≈♣♣♣≈≈♣≈...≈♣♣


You could see a seven-headed hydra (strong), a six-headed hydra (strong), a
swamp dragon (catching breath), an insubstantial wisp, a friendly neqoxec
(summoned), a friendly quasit (summoned) and a friendly shadow imp (summoned).

Vanquished Creatures
  Gastronok (D:12)
  The ghost of TreeFish the Devastator, an adept HuCj of Sif Muna (Swamp:1)
  4 thorn hunters
  Kirke (D:15)
  A tengu reaver (D:13)
  A fire giant (D:15)
  A stone giant (Volcano)
  Nessos (Lair:5)
  2 dire elephants (Lair:6)
  2 ettins (D:13)
  A crystal guardian (D:13)
  Erolcha (D:10)
  A shambling mangrove (Swamp:2)
  5 ghost crabs
  A catoblepas (Lair:6)
  4 centaur warriors
  14 hydras
  6 alligators
  Erica (Orc:1)
  7 two-headed ogres
  An ogre mage (Orc:1)
  7 death yaks
  A death knight (D:14)
  A tengu warrior (D:13)
  An orc high priest (Orc:2)
  A deep troll earth mage (D:13)
  A sun demon (Lair:6)
  5 skeletal warriors
  6 spriggan druids
  4 swamp dragons
  3 wizards
  A glowing orange brain (D:10)
  2 unseen horrors
  A lindwurm (Lair:6)
  3 orc knights
  7 ugly things
  2 cyclopes (D:13)
  6 orc sorcerers (Orc:2)
  A deep elf mage (D:15)
  A manticore (D:13)
  4 black mambas
  3 apocalypse crabs (Swamp:1)
  12 elephants
  2 orange demons (Lair:6)
  2 ice statues (IceCv)
  17 spiny frogs
  2 molten gargoyles (Volcano)
  A smoke demon (Lair:6)
  5 gargoyles
  3 rime drakes (Lair:6)
  Maggie (D:9)
  An efreet (Volcano)
  A freezing wraith (D:14)
  6 komodo dragons
  9 ice devils
  12 tyrant leeches
  A tengu conjurer (D:13)
  A polar bear (Lair:6)
  A jumping spider (Lair:4)
  A troll (shapeshifter) (D:13)
  7 trolls
  8 bog bodies
  8 hornets
  13 slime creatures
  8 hippogriffs
  16 blink frogs
  A shadow (D:13)
  2 wyverns
  5 spriggans
  2 hogs (D:15)
  39 yaks
  A fire elemental (Volcano)
  A human (D:15)
  2 basilisks (Lair:6)
  2 fire bats (Volcano)
  6 wraiths
  3 hungry ghosts
  12 insubstantial wisps
  11 vampire mosquitoes
  9 wargs
  An acid dragon (D:13)
  An acid dragon (shapeshifter) (D:13)
  21 swamp worms
  16 water moccasins
  2 hell hounds (Lair:6)
  22 orc warriors
  6 porcupines
  5 ice beasts
  3 sky beasts
  4 swamp drakes
  7 necrophages (Swamp:3)
  6 phantoms
  An eye of draining (shapeshifter) (D:13)
  9 wolves
  11 centaurs
  16 ogres
  11 crocodiles
  Blork the orc (D:6)
  9 gnoll sergeants
  11 bullfrogs
  An earth elemental (Volcano)
  A big kobold (D:9)
  A wyvern zombie (D:13)
  5 scorpions
  6 killer bees
  5 wights (D:12)
  6 electric eels
  4 crimson imps
  A bullfrog zombie (D:5)
  3 centaur zombies
  14 hounds
  6 jellies
  5 lava snakes (Volcano)
  6 gnoll shamans (Bailey)
  3 bullfrog skeletons
  25 orc priests
  3 iguanas
  3 centaur skeletons
  7 worker ants
  33 orc wizards
  2 howler monkey zombies (D:10)
  26 gnolls
  2 worker ant zombies
  2 howler monkey skeletons
  11 adders
  3 shadow imps
  8 white imps (IceCv)
  8 ufetubi (IceCv)
  3 oozes
  An adder zombie (D:8)
  2 dart slugs
  3 worms
  3 leopard geckos
  89 orcs
  3 giant cockroaches
  6 goblins (D:1)
  6 hobgoblins
  15 jackals
  7 quokkas
  4 bats
  5 frilled lizards
  A jackal skeleton (D:8)
  A jackal zombie (D:6)
  13 kobolds
  A quokka skeleton (D:4)
  A quokka zombie (D:7)
  7 rats
  4 briar patches (Swamp:3)
  2 fungi (Lair:6)
  A plant (Lair:6)
893 creatures vanquished.

Vanquished Creatures (collateral kills)
  A swamp dragon (Swamp:4)
  3 ice devils (IceCv)
  2 hell hounds (Lair:6)
6 creatures vanquished.

Vanquished Creatures (others)
  A reaper (IceCv)
  An apocalypse crab (Swamp:1)
  A human (D:8)
  3 white imps (IceCv)
  3 ufetubi (IceCv)
  7 briar patches (Swamp:3)
  6 fungi
  4 plants
26 creatures vanquished.

Grand Total: 925 creatures vanquished

Notes
Turn   | Place    | Note
-------+----------+-------------------------------------------
     0 | D:1      | Hastur the Formicid Conjurer began the quest for the Orb.
     0 | D:1      | Reached XP level 1. HP: 13/13 MP: 3/3
    69 | D:1      | Reached skill level 1 in Fighting
   218 | D:1      | Reached XP level 2. HP: 21/21 MP: 1/5
   453 | D:1      | Reached skill level 1 in Shields
   683 | D:1      | Reached XP level 3. HP: 26/27 MP: 2/6
  1781 | D:2      | Reached XP level 4. HP: 28/34 MP: 7/7
  2811 | D:2      | Reached skill level 1 in Evocations
  2811 | D:2      | Reached XP level 5. HP: 34/41 MP: 5/8
  2900 | D:3      | Noticed an ogre
  2942 | D:3      | Killed an ogre
  2942 | D:3      | Reached XP level 6. HP: 41/48 MP: 9/9
  3003 | D:3      | Found a white marble altar of Elyvilon.
  3011 | D:3      | Learned a level 1 spell: Animate Skeleton
  3177 | D:3      | Found a sparkling altar of Nemelex Xobeh.
  3505 | D:4      | Noticed an ogre
  3683 | D:4      | Found a glowing silver altar of Zin.
  3932 | D:4      | Reached skill level 1 in Necromancy
  4599 | D:4      | Killed an ogre
  4599 | D:4      | Reached XP level 7. HP: 43/54 MP: 10/10
  4810 | D:5      | Entered Level 5 of the Dungeon
  5068 | D:4      | Reached skill level 5 in Shields
  5855 | D:5      | Reached XP level 8. HP: 50/60 MP: 11/11
  6252 | D:6      | Identified the +2 spear "Baqic" {elec, +Inv MR+} (You found
                  | it on level 6 of the Dungeon)
  6440 | D:6      | Reached skill level 5 in Evocations
  6665 | D:6      | Noticed Blork the orc
  6681 | D:6      | Killed Blork the orc
  7069 | D:6      | Found a burning altar of Makhleb.
  7363 | D:7      | Found a staircase to the Ecumenical Temple.
  7392 | Temple   | Entered the Ecumenical Temple
  7566 | D:7      | Reached XP level 9. HP: 57/65 MP: 12/12
  7652 | D:6      | Became a worshipper of Makhleb the Destroyer
  7756 | D:7      | Reached skill level 5 in Fighting
  7819 | D:7      | Found Wekou's Armour Shop.
  7888 | D:7      | Noticed a two-headed ogre
  8156 | D:7      | Killed a two-headed ogre
  8418 | D:7      | Found a runed translucent gate.
  8418 | D:7      | Found a runed translucent gate.
  8419 | D:7      | Found an opulent altar of Gozag.
  8419 | D:7      | Found a runed translucent gate.
  8422 | D:7      | Noticed MordorOrchid's ghost (novice OpIE)
  9201 | D:7      | Reached XP level 10. HP: 83/83 MP: 13/13
  9409 | D:8      | Found a hazy altar of Hepliaklqana.
  9454 | D:8      | Found an ancient bone altar of Kikubaaqudgha.
  9554 | D:8      | Reached skill level 10 in Fighting
 10170 | D:8      | Found a blossoming altar of Fedhas.
 10256 | D:8      | Found a bloodstained altar of Trog.
 10505 | D:9      | Reached skill level 1 in Invocations
 10522 | D:9      | Reached skill level 1 in Armour
 10792 | D:9      | Noticed Maggie
 10802 | D:9      | Killed Maggie
 10823 | D:9      | Reached * piety under Makhleb
 10982 | D:9      | Found a stormy altar of Qazlal.
 11761 | D:10     | Entered Level 10 of the Dungeon
 11768 | D:10     | Reached skill level 5 in Invocations
 11795 | D:10     | Reached skill level 5 in Armour
 11795 | D:10     | Reached XP level 11. HP: 80/93 MP: 14/14
 11871 | D:7      | Bought a +2 pair of boots of flying for 258 gold pieces
 12366 | D:10     | Found a staircase to the Lair.
 12572 | D:10     | Reached skill level 1 in Axes
 12661 | D:10     | Reached skill level 2 in Axes
 12926 | D:10     | Reached ** piety under Makhleb
 12975 | D:10     | Noticed Josephine
 13089 | D:10     | Reached skill level 3 in Axes
 13094 | D:10     | Noticed Josephine
 13094 | D:10     | Josephine changed into Josephine the glowing orange brain
 13296 | D:11     | Noticed a centaur warrior
 13314 | D:10     | Killed Josephine the glowing orange brain
 13338 | D:10     | Killed a centaur warrior
 13338 | D:10     | Reached skill level 4 in Axes
 13652 | D:10     | Found Yvvuuch's Gadget Boutique.
 13684 | D:10     | Noticed Erolcha
 14273 | D:11     | Found a staircase to the Orcish Mines.
 14304 | D:11     | Reached skill level 5 in Axes
 14641 | D:11     | Found Zatti's Magic Scroll Shop.
 14645 | D:11     | Bought a scroll of identify for 32 gold pieces
 14645 | D:11     | Bought a scroll of fear for 56 gold pieces
 15188 | Orc:1    | Entered Level 1 of the Orcish Mines
 15361 | D:11     | Reached XP level 12. HP: 100/100 MP: 15/15
 15691 | Orc:1    | Found a bloodstained altar of Trog.
 15699 | Orc:1    | Found a flagged portal.
 15708 | Bailey   | Entered a bailey
 15721 | Bailey   | Reached *** piety under Makhleb
 15721 | Bailey   | Reached skill level 6 in Axes
 16032 | Bailey   | Reached skill level 10 in Armour
 16131 | Bailey   | Identified the cursed +0 great mace "Yzxytsed" {vorpal,
                  | rPois rC+ Str+2 Int+3}
 17034 | Orc:1    | Noticed Erica
 17323 | D:12     | Reached **** piety under Makhleb
 17342 | D:12     | Noticed Gastronok
 17398 | D:12     | Noticed a two-headed ogre
 17478 | D:12     | Killed a two-headed ogre
 17478 | D:12     | Reached skill level 7 in Axes
 17878 | D:12     | Killed Gastronok
 18078 | D:12     | Got an ichor-stained leather armour
 18806 | D:10     | Killed Erolcha
 18906 | Lair:1   | Entered Level 1 of the Lair of Beasts
 19082 | D:10     | Reached skill level 8 in Axes
 19588 | Lair:1   | Reached XP level 13. HP: 106/106 MP: 19/19
 20606 | Lair:2   | Found a frozen archway.
 20632 | Lair:2   | Reached skill level 9 in Axes
 20719 | IceCv    | Entered an ice cave
 20810 | IceCv    | Reached ***** piety under Makhleb
 21362 | IceCv    | Killed a reaper
 23423 | Lair:2   | Reached skill level 10 in Axes
 23581 | Lair:2   | You fall into a shaft and drop 2 floors!
 23784 | Lair:4   | Found a hole to the Spider Nest.
 24261 | Lair:4   | Found a staircase to the Swamp.
 24465 | Lair:4   | Noticed a seven-headed hydra
 24478 | Lair:4   | Killed a one-headed hydra
 25507 | Lair:3   | Reached skill level 10 in Evocations
 25518 | Lair:3   | Reached skill level 11 in Axes
 26358 | Lair:2   | Noticed a four-headed hydra
 26374 | Lair:2   | Killed a one-headed hydra
 26386 | Lair:2   | Noticed a five-headed hydra
 26400 | Lair:2   | Killed a one-headed hydra
 26718 | Lair:2   | Reached XP level 14. HP: 113/113 MP: 21/21
 26828 | Lair:2   | Reached skill level 12 in Axes
 27529 | Lair:5   | Reached skill level 13 in Axes
 27969 | Lair:5   | Noticed Nessos
 27978 | Lair:5   | Killed Nessos
 27978 | Lair:5   | Reached skill level 14 in Axes
 28463 | Lair:6   | Entered Level 6 of the Lair of Beasts
 28463 | Lair:6   | Found a staircase to the Slime Pits.
 28583 | Lair:6   | Found a dark tunnel.
 28586 | Volcano  | Entered a volcano
 28921 | Volcano  | Found a radiant altar of Vehumet.
 29121 | Volcano  | Noticed a stone giant
 29132 | Volcano  | Killed a stone giant
 29598 | Lair:6   | Reached skill level 15 in Axes
 29634 | Lair:6   | Reached XP level 15. HP: 118/118 MP: 18/22
 29819 | Lair:6   | Noticed Fafes's ghost (journeyman DrFE)
 29936 | Lair:6   | Found a runed translucent gate.
 29936 | Lair:6   | Found a runed translucent gate.
 30173 | Lair:6   | Found a runed translucent gate.
 30375 | Lair:6   | Found a burning altar of Makhleb.
 30437 | Lair:6   | Reached skill level 10 in Invocations
 30627 | Lair:6   | Found a gateway to Hell.
 31311 | D:13     | Reached skill level 16 in Axes
 31599 | D:13     | Reached ****** piety under Makhleb
 31940 | D:13     | Found a portal to a secret trove of treasure.
 32179 | D:14     | You fall into a shaft and drop 1 floor!
 32179 | D:15     | Entered Level 15 of the Dungeon
 32363 | D:15     | Found a staircase to the Depths.
 32364 | D:15     | Noticed a fire giant
 32406 | D:15     | Killed a fire giant
 32552 | D:15     | Noticed Kirke
 32568 | D:15     | Killed Kirke
 32835 | D:15     | Reached XP level 16. HP: 127/127 MP: 21/24
 33630 | D:14     | Found a gate to the Vaults.
 34228 | D:13     | Noticed a tengu reaver
 34254 | D:13     | You fall into a shaft and drop 2 floors!
 34844 | D:13     | Killed a tengu reaver
 34858 | D:13     | HP: 1/129 [ettin/+0 dire flail (9)]
 36228 | D:13     | Found a portal to a secret trove of treasure.
 36407 | Orc:1    | Killed Erica
 36595 | Orc:1    | Reached skill level 17 in Axes
 36915 | Orc:2    | Entered Level 2 of the Orcish Mines
 36915 | Orc:2    | Found a staircase to the Elven Halls.
 37049 | Orc:2    | Found Ocvaleg's Jewellery Shoppe.
 37090 | Orc:2    | Found Epliyseo's Antique Weapon Boutique.
 37125 | Orc:2    | Found a roughly hewn altar of Beogh.
 37150 | Orc:2    | Found a roughly hewn altar of Beogh.
 37845 | Orc:2    | Found Vej Zail's General Store.
 37845 | Orc:2    | Found Houblaid's Food Shoppe.
 37850 | Orc:2    | Bought a potion of heal wounds for 55 gold pieces
 37997 | Orc:2    | Bought an uncursed ring of protection from magic for 250
                  | gold pieces
 38187 | Swamp:1  | Entered Level 1 of the Swamp
 38314 | Swamp:1  | Found a runed translucent door.
 38316 | Swamp:1  | Noticed TreeFish's ghost (adept HuCj)
 38476 | Swamp:1  | Noticed a thorn hunter
 38497 | Swamp:1  | Killed a thorn hunter
 38939 | Swamp:1  | Found a runed translucent door.
 39162 | Swamp:1  | Reached XP level 17. HP: 138/138 MP: 23/26
 39330 | Swamp:1  | Identified the Grimoire of Unstable Heat
 39464 | Swamp:1  | Identified the +0 trident of the Final Chapter {antimagic,
                  | rF+ rN+ Int+4}
 39492 | Swamp:1  | Killed TreeFish's ghost
 39528 | Swamp:1  | Identified the Reference Book on Mutagenic Enhancements
 39839 | Swamp:2  | Reached skill level 10 in Shields
 40770 | Swamp:3  | Noticed a thorn hunter
 40789 | Swamp:3  | Killed a thorn hunter
 40842 | Swamp:3  | Noticed a thorn hunter
 41153 | Swamp:3  | Killed a thorn hunter
 41508 | Swamp:3  | Found a transporter.
 41795 | Swamp:3  | Found a transporter.
 42301 | Swamp:3  | Got a smoking brass ring
 42307 | Swamp:3  | Got a blackened cloak
 42381 | Swamp:3  | Identified the ring of Zathyst {rCorr Int+2 Dex+7} (You
                  | found it on level 3 of the Swamp)
 42382 | Swamp:3  | Identified the +0 cloak of Noughts and Crosses {rElec} (You
                  | found it on level 3 of the Swamp)
 42416 | Swamp:4  | Entered Level 4 of the Swamp
 42706 | Swamp:4  | Reached skill level 18 in Axes
 42811 | Swamp:4  | Noticed a thorn hunter
 42826 | Swamp:4  | Killed a thorn hunter
 42868 | Swamp:4  | Slain by a six-headed hydra

Illustrated notes

Levels and vault maps discovered:
D:1:      dpeg_arrival_round_c, layout_basic
D:2:      layout_rooms
D:3:      layout_rooms, elyvilon_altar_3, first_ration, minivault_24,
          nemelex_lonely_heart_becter
D:4:      layout_loops_cross, nicolae_overflow_crystal_walls,
          chequers_serial_rivers_small_b
D:5:      layout_loops_ring
D:6:      layout_loops_ring, nicolae_overflow_hidden_temple,
          nicolae_underground_beach, uniq_blork_the_orc
D:7:      layout_layer_cave, minmay_temple_entry_sparse_star,
          ebering_ghost_gozag, serial_shops, shop, the_bakery
D:8:      layout_basic, overflow_temple_1_default, fedhas_altar_4,
          lightli_temple_of_fire, tgw_kikubaaqudgha
D:9:      layout_loops_corners, nicolae_qazlal_general_emergency, uniq_maggie
D:10:     layout_rooms, erik_lair_island, serial_shops, kennysheep_little_box,
          uniq_erolcha, uniq_josephine
D:11:     layout_roguey, david_orc_1_choice, serial_shops, shop,
          hangedman_decor_lopped
D:12:     layout_loops_ring, minivault_25_ag, uniq_gastronok
D:13:     lemuel_traditional_vault, layout_loops_corners,
          nicolae_trove_entry_crystal, kennysheep_just_a_vault
D:14:     layout_basic, david_vaults_1
D:15:     grunt_enter_depths_giant_problem, layout_loops_cross,
          chequers_mini_garden, uniq_kirke
Temple:   regret_index_temple_waves
Lair:1:   layout_regular_city
Lair:2:   layout_chaotic_city, portal_ice_cave_demonic_guard
Lair:3:   layout_chaotic_city, beast_lair_carwin_5, infiniplex_staircase_pool,
          serial_bayou_shore_a, lemuel_fruit_fields
Lair:4:   layout_regular_city, swamp_mist, spider_nest_entry_rubble,
          serial_bayou_shore_b, grunt_megastairs_2
Lair:5:   beast_lair_carwin_large_1, layout_long_grid, minivault_25, uniq_nessos
Lair:6:   evil_forest, layout_cave_shapes, slime_dummy,
          maelrawn_ghost_gauntlet_escape, nicolae_volcano_entry_lava_flow,
          serial_bayou_shore_b
Swamp:1:  gammafunk_mikee_crab_dinner, layout_basic_swamp,
          ebering_ghost_funeral_grove, serial_swamp_ruin,
          evilmike_swamp_ruin_house_4, evilmike_swamp_ruin_house_6
Swamp:2:  layout_basic_swamp, evilmike_swamp_ruin_house_2
Swamp:3:  gammafunk_worm_tunnel, layout_basic_swamp,
          evilmike_swamp_ruin_house_1, swamp_pool1, roderic_carrion_pond
Swamp:4:  swamp, layout_basic_swamp
Orc:1:    layout_caves, basic_altar, enter_bailey_2, mines4_lemuel, uniq_erica
Orc:2:    st_orc_town, layout_caves, statue_in_the_mist_lemuel,
          bh_open_orc_temple

Skill      XL: |  1  2  3  4  5  6  7  8  9 10 11 12 13 14 15 16 17 |
---------------+----------------------------------------------------+-----
Fighting       | 1 2 3 4 9 11 12 13 14 | 14.7
Shields        | 1 2 3 4 5 8 9 11 | 11.3
Evocations     | 1 2 3 4 5 7 10 | 10.0
Necromancy     | 1 3 4 |  4.0
Invocations    | 5 8 11 12 13 | 13.6
Armour         | 5 9 10 | 10.0
Axes           | 5 8 11 15 16 17 18 | 18.0
Dodging        | |  1.7
Stealth        | |  2.4
Spellcasting   | |  2.1
Conjurations   | |  3.6

Action                   |  1- 3 |  4- 6 |  7- 9 | 10-12 | 13-15 | 16-18 || total
-------------------------+-------+-------+-------+-------+-------+-------++-------
Melee: Unarmed           |     4 |       |       |       |       |       ||     4
       Dagger            |    13 |    88 |   308 |  1011 |       |       ||  1420
       Spear             |       |       |   121 |   444 |  1095 |    69 ||  1729
       Hand axe          |       |       |       |       |    46 |    15 ||    61
       Battleaxe         |       |       |       |       |   595 |  1122 ||  1717
Throw: Boomerang         |     7 |       |     1 |     8 |     1 |       ||    17
       Dart              |       |       |       |       |       |     3 ||     3
 Cast: Magic Dart        |    67 |    77 |       |       |       |       ||   144
Invok: Lesser Servant of |       |       |       |       |     6 |     3 ||     9
 Abil: Dig               |       |     1 |     2 |     9 |    24 |     5 ||    41
       Stop Flying       |       |       |       |     1 |       |       ||     1
       Shaft Self        |       |       |       |       |       |     1 ||     1
       Evoke Flight      |       |       |       |       |       |     1 ||     1
       Evoke Invisibilit |       |       |       |       |       |     4 ||     4
Evoke: Wand              |       |     1 |     3 |    29 |     8 |     1 ||    42
  Use: Scroll            |     1 |     5 |     7 |     5 |    13 |    11 ||    42
       Potion            |       |       |       |     2 |     1 |     7 ||    10
 Stab: Paralysed         |       |     4 |    11 |    14 |     8 |     1 ||    38
       Sleeping          |       |     1 |     2 |     3 |       |       ||     6
       Distracted        |       |       |       |     1 |     4 |       ||     5
       Petrified         |       |       |       |       |     5 |       ||     5
       Invisible         |       |       |       |       |       |     3 ||     3
       Confused          |       |       |       |       |       |     1 ||     1
       Petrifying        |       |       |       |       |       |     1 ||     1
  Eat: Chunk             |     4 |    10 |    16 |    30 |    30 |    29 ||   119
       Ration            |       |       |     1 |     3 |     5 |     2 ||    11
Armor: Leather armour    |     4 |    13 |    14 |       |       |       ||    31
       Plate armour      |       |       |    37 |       |       |       ||    37
       Ring mail         |       |       |    26 |   320 |    85 |       ||   431
       Crystal plate arm |       |       |       |       |   571 |   671 ||  1242
Dodge: Dodged            |    14 |    47 |   158 |   681 |   318 |   296 ||  1514
Block: Kite shield       |       |     8 |   186 |   784 |   689 |   602 ||  2269
